12 | 0:02 | Probe | |
14 | 0:25 | Pylon | |
14 | 0:26 | Probe | |
14 | 0:30 | Assimilator | |
14 | 0:43 | Probe (Chrono Boost) | |
14 | 0:47 | Gateway | |
15 | 0:55 | Probe (Chrono Boost) | |
16 | 1:04 | Probe (Chrono Boost) | |
17 | 1:07 | Pylon | |
17 | 1:13 | Probe (Chrono Boost) | |
18 | 1:21 | Probe (Chrono Boost) | |
18 | 1:25 | Assimilator | |
19 | 1:30 | Probe (Chrono Boost) | |
20 | 1:34 | Zealot | |
20 | 1:38 | Cybernetics Core | |
22 | 1:42 | Probe (Chrono Boost) | |
23 | 1:51 | Probe (Chrono Boost) | |
24 | 1:59 | Probe | |
25 | 2:14 | Pylon | |
25 | 2:16 | Probe (Chrono Boost), Stargate | |
25 | 2:20 | Warp Gate | |
26 | 2:28 | Mothership Core (Chrono Boost) | |
28 | 2:45 | Nexus | |
28 | 3:01 | Oracle (Chrono Boost) | |
31 | 3:18 | Probe (Chrono Boost) | |
32 | 3:30 | Probe (Chrono Boost), Nexus | |
33 | 3:37 | Probe (Chrono Boost) | |
34 | 3:45 | Robotics Facility | |
34 | 3:47 | Pylon | |
35 | 3:48 | Probe (Chrono Boost) | |
35 | 4:00 | Probe (Chrono Boost) | |
37 | 4:03 | Assimilator | |
37 | 4:05 | Probe (Chrono Boost) | |
37 | 4:08 | Probe (Chrono Boost) | |
38 | 4:12 | Probe (Chrono Boost) | |
39 | 4:25 | Probe | |
39 | 4:27 | Probe, Phoenix (Chrono Boost) | |
43 | 4:37 | Probe (Chrono Boost) | |
42 | 4:45 | Stalker | |
43 | 4:46 | Probe (Chrono Boost) | |
43 | 4:48 | Probe (Chrono Boost) | |
43 | 4:50 | Twilight Council | |
44 | 4:56 | Probe (Chrono Boost) | |
44 | 4:57 | Probe (Chrono Boost) | |
45 | 5:05 | Probe x2 (Chrono Boost), Assimilator | |
48 | 5:08 | Probe (Chrono Boost) | |
48 | 5:13 | Probe (Chrono Boost) | |
48 | 5:14 | Probe (Chrono Boost), Forge | |
50 | 5:15 | Probe (Chrono Boost) | |
51 | 5:23 | Probe (Chrono Boost) | |
51 | 5:24 | Probe (Chrono Boost) | |
51 | 5:27 | Probe (Chrono Boost) | |
54 | 5:33 | Fleet Beacon | |
54 | 5:35 | Probe (Chrono Boost), Observer | |
56 | 5:41 | Probe (Chrono Boost) | |
56 | 5:42 | Probe (Chrono Boost) | |
58 | 5:57 | Carrier (Chrono Boost) | |
58 | 6:02 | Probe (Chrono Boost) | |
61 | 6:04 | Pylon | |
61 | 6:05 | Probe (Chrono Boost) | |
61 | 6:07 | Probe (Chrono Boost), Assimilator | |
62 | 6:11 | Pylon | |
62 | 6:13 | Probe x2 (Chrono Boost) | |
62 | 6:17 | Probe (Chrono Boost) | |
62 | 6:18 | Protoss Ground Weapons Level 1 (Chrono Boost) | |
64 | 6:20 | Probe (Chrono Boost), Photon Cannon | |
64 | 6:22 | Probe | |
64 | 6:25 | Probe | |
73 | 6:26 | Pylon | |
73 | 6:31 | Probe | |
73 | 6:32 | Photon Cannon | |
74 | 6:34 | Probe | |
74 | 6:37 | Probe | |
76 | 6:45 | Probe | |
77 | 6:49 | Probe, Assimilator | |
77 | 6:51 | Probe | |
79 | 6:55 | Graviton Catapult | |
79 | 7:04 | Protoss Air Weapons Level 1 (Chrono Boost) | |
79 | 7:05 | Probe, Charge | |
79 | 7:06 | Probe | |
73 | 7:18 | Stalker | |
71 | 7:25 | Probe x2, Carrier (Chrono Boost) | |
73 | 7:43 | Probe | |
73 | 7:44 | Probe | |
81 | 7:51 | Probe | |
81 | 7:53 | Photon Cannon | |
81 | 7:55 | Pylon | |
82 | 8:11 | Probe | |
83 | 8:13 | Protoss Ground Weapons Level 2 (Chrono Boost) | |
80 | 8:27 | Probe | |
80 | 8:29 | Stargate | |
81 | 8:38 | Probe | |
81 | 8:39 | Probe | |
81 | 8:44 | Carrier (Chrono Boost) | |
81 | 8:57 | Protoss Air Weapons Level 2 (Chrono Boost) | |
81 | 9:03 | Warp Prism (Chrono Boost) | |
81 | 9:04 | Nexus | |
81 | 9:06 | Assimilator x2 | |
81 | 9:09 | Forge | |
89 | 9:10 | Pylon | |
89 | 9:13 | Stargate | |
89 | 9:15 | Gateway | |
89 | 9:17 | Gateway, Nexus | |
89 | 9:18 | Pylon | |
89 | 9:19 | Pylon | |
89 | 9:20 | Pylon | |
89 | 9:24 | Pylon | |
89 | 9:28 | Probe | |
89 | 9:31 | Carrier x2 (Chrono Boost) | |
90 | 9:48 | Gateway | |
90 | 9:49 | Pylon | |
90 | 9:50 | Pylon | |
90 | 9:51 | Gateway | |
90 | 9:57 | Gateway | |
90 | 9:59 | Probe (Chrono Boost) | |
93 | 10:01 | Pylon, Carrier (Chrono Boost) | |
93 | 10:04 | Probe x2 (Chrono Boost) | |
105 | 10:17 | Photon Cannon | |
111 | 10:29 | Carrier x2 (Chrono Boost) | |
111 | 10:41 | Probe x2 | |
113 | 10:46 | Protoss Shields Level 1 (Chrono Boost) | |
125 | 11:04 | Pylon, Protoss Air Weapons Level 3 (Chrono Boost) | |
125 | 11:08 | Assimilator | |
126 | 11:12 | Photon Cannon, Assimilator | |
126 | 11:13 | Pylon | |
126 | 11:14 | Gateway | |
126 | 11:15 | Observer | |
126 | 11:17 | Gateway | |
126 | 11:42 | Gateway, Probe x2 | |
126 | 11:43 | Probe x2 | |
130 | 11:47 | Gateway | |
130 | 11:48 | Dark Shrine | |
130 | 11:50 | Protoss Ground Weapons Level 3 (Chrono Boost) | |
130 | 12:00 | Pylon | |
130 | 12:01 | Carrier x2 (Chrono Boost) | |
130 | 12:09 | Carrier (Chrono Boost) | |
152 | 12:41 | Pylon | |
152 | 12:46 | Protoss Shields Level 2 | |
152 | 13:07 | Probe | |
152 | 13:11 | Pylon | |
153 | 13:12 | Tempest (Chrono Boost) | |
153 | 13:18 | Protoss Air Armor Level 1 (Chrono Boost) | |
157 | 13:21 | Tempest x2 (Chrono Boost) | |
163 | 13:27 | Dark Templar | |
163 | 13:29 | Dark Templar | |
167 | 13:37 | Nexus | |
167 | 13:40 | Assimilator | |
165 | 13:42 | Pylon | |
165 | 14:09 | Tempest (Chrono Boost) | |
173 | 14:10 | Tempest x2 (Chrono Boost) | |
173 | 14:15 | Protoss Ground Armor Level 1 | |
175 | 14:39 | Gateway | |
175 | 14:41 | Gateway, Tempest x2 (Chrono Boost) | |
183 | 14:51 | Tempest (Chrono Boost) | |
187 | 15:08 | Protoss Air Armor Level 2 (Chrono Boost) | |
187 | 15:11 | Carrier | |
187 | 15:12 | Assimilator | |
187 | 15:13 | Tempest | |
191 | 15:32 | Tempest | |
199 | 15:59 | Photon Cannon | |
199 | 16:04 | Photon Cannon | |
199 | 16:05 | Photon Cannon | |
199 | 16:10 | Pylon | |
197 | 17:21 | Zealot | |